Map: Ulrena

Players

capac - Winner!

  • Race: Terran Terran
  • League: Gold

Virke

  • Race: Protoss Protoss

VOD

Have the link to the VOD?

Description

Time

  • Played on: Feb. 17, 2016, 1:07 p.m.
  • Length: 5:32
Show
View Real Time Build Order
Export as new Build Order

capac Terran - Winner!

Build Orders:  

Get SALT Encoding   

  12  0:00  SCV  
  13  0:12  SCV  
  14  0:18  Supply Depot  
  14  0:25  SCV  
  15  0:40  SCV  
  15  0:42  Barracks  
  16  0:48  Refinery  
  16  0:52  SCV  
  18  1:04  SCV  
  18  1:16  SCV  
  19  1:28  SCV  
  20  1:40  Barracks Reactor, SCV  
  20  1:43  Command Center  
  21  2:02  Supply Depot  
  21  2:06  Orbital Command  
  21  2:15  Factory  
  21  2:18  Marine x2  
  23  2:29  Bunker  
  23  2:33  SCV  
  24  2:37  Refinery  
  24  2:44  Marine x2  
  24  2:47  SCV  
  26  3:01  Starport  
  26  3:02  Factory Reactor  
  26  3:05  Marine x2  
  28  3:16  SCV x2  
  30  3:23  Marine x2  
  32  3:28  Engineering Bay  
  32  3:31  SCV  
  33  3:41  Marine x2  
  35  3:51  Barracks  
  35  3:56  Factory Tech Lab  
  35  3:59  Medivac x2  
  35  4:02  SCV  
  40  4:06  Marine  
  40  4:09  Marine  
  42  4:11  SCV  
  43  4:21  Siege Tank  
  37  4:44  Barracks Reactor, Missile Turret  
  37  5:00  Marine x2  
Show
View Real Time Build Order
Export as new Build Order

Virke Protoss 

Build Orders: Oracle Opening 

Get SALT Encoding   

  12  0:05  Probe (Chrono Boost)  
  13  0:16  Probe (Chrono Boost)  
  14  0:24  Pylon  
  14  0:26  Probe (Chrono Boost)  
  15  0:29  Assimilator  
  16  0:42  Probe (Chrono Boost)  
  16  0:45  Gateway  
  16  0:53  Probe (Chrono Boost)  
  17  1:03  Probe (Chrono Boost)  
  18  1:11  Pylon  
  18  1:14  Probe (Chrono Boost)  
  19  1:25  Probe (Chrono Boost), Assimilator  
  20  1:34  Cybernetics Core  
  20  1:35  Probe (Chrono Boost)  
  20  1:36  Zealot  
  23  1:44  Pylon  
  23  1:50  Probe (Chrono Boost)  
  24  2:01  Probe (Chrono Boost)  
  25  2:10  Stargate  
  25  2:15  Warp Gate  
  25  2:21  Zealot  
  27  2:28  Pylon  
  27  2:48  Stalker  
  29  2:56  Stargate  
  29  3:13  Gateway  
  29  3:15  Gateway  
  29  3:23  Oracle  
  32  3:33  Forge  
  32  3:36  Pylon  
  32  3:50  Oracle  
  35  4:38  Stalker x3  
  38  5:02  Gateway x2  
  38  5:05  Gateway  
  38  5:25  Zealot x3  
Tags
 
League
Gold
Matchup
PvT
Add a new tag
Caveats
  • Supply blocks, unpowered buildings, or Contaminate may cause inaccurate times.
  • Supply counts are checked every 10 seconds.